 Dungeon Sprint DCSS version 0.30.1-9-gdf580d7c3d (webtiles) character file.

Game seed: 17077640725052057344

6154 Heoruswealwe the Phalangite (level 10, -2/106 HPs)
             Began as a Minotaur Fighter on Oct 15, 2023.
             Was an Initiate of Gozag.
             Slain by a skyshark (12 damage)
             ... in the Dungeon (Sprint IX: "|||||||||||||||||||||||||||||").
             The game lasted 00:06:29 (820 turns).

Heoruswealwe the Phalangite (Minotaur Fighter)       Turns: 820, Time: 00:06:30

Health: -2/106     AC: 17    Str: 29    XL:     10   Next: 59%
Magic:  9/9        EV:  8    Int:  5    God:    Gozag
Gold:   1974       SH:  0    Dex:  9    Spells: 9/9 levels left

rFire   . . .        b - +2 halberd (venom)
rCold   . . .        (shield currently unavailable)
rNeg    . . .        c - +0 plate armour
rPois   .            (helmet restricted)
rElec   .            (no cloak)
rCorr   .            (no gloves)
SInv    .            (no boots)
Will    .....        (no amulet) Stlth
                     k - +3 ring of strength
HPRegen 0.37/turn    (no ring)
MPRegen 0.11/turn

%: no teleportation
@: slowed, very slow
A: horns 2, retaliatory headbutt
a: Renounce Religion, Potion Petition, Call Merchant, Bribe Branch


You were in the Dungeon.
You worshipped Gozag.
Gozag was most pleased with you.
You visited 1 branch You collected 1974 gold pieces.

Inventory:

Hand Weapons
 a - a +0 trident
 b - a +2 halberd of venom (weapon)
Armour
 c - a +0 plate armour (worn)
 d - a +0 buckler
Jewellery
 k - a +3 ring of strength (left hand)
Wands
 h - a wand of roots (10)
Scrolls
 j - 2 scrolls of blinking
 n - 2 scrolls of enchant weapon
 o - 2 scrolls of identify
Potions
 e - 6 potions of curing
 g - 2 potions of haste
 i - a potion of berserk rage
 l - a potion of might
 m - a potion of mutation


   Skills:
 + Level 15.6 Fighting
 * Level 21.0 Polearms
 + Level 15.6 Armour
 - Level 3.6 Shields


You had 9 spell levels left.
You didn't know any spells.
Your spell library was empty.

Dungeon Overview and Level Annotations

Branches:
Dungeon (1/1)

Altars:
Cheibriados
Dithmenos
Elyvilon
Fedhas
Gozag
Hepliaklqana
Kikubaaqudgha
Makhleb
Nemelex Xobeh
Okawaru
Qazlal
Ru
Sif Muna
Trog
Uskayaw
Vehumet
Wu Jian
Xom
Yredelemnul
Zin
The Shining One
Jiyva
Lugonu


Innate Abilities, Weirdness & Mutations

You have a pair of horns on your head.
You reflexively headbutt those who attack you in melee.


Message History

You hit the skyshark.
The skyshark looks as sick as possible!
The skyshark is moderately wounded.
The seven-headed hydra is no longer distracted by gold.
The skyshark bites you but does no damage.
The skyshark barely misses you.
The skyshark tail-slaps you but does no damage.
You slash the skyshark!
The skyshark looks as sick as possible!
Your headbutt misses the skyshark.
The skyshark is heavily wounded.
The skyshark bites you! The skyshark tail-slaps you.
The skyshark tail-slaps you but does no damage.
The skyshark bites you!!
* * * LOW HITPOINT WARNING * * *
The skyshark tail-slaps you but does no damage.
The skyshark closely misses you.
You slice the skyshark!!
The skyshark looks as sick as possible!
You headbutt the skyshark!
The skyshark is severely wounded.
The skyshark bites you but does no damage.
The skyshark tail-slaps you!
* * * LOW HITPOINT WARNING * * *
The skyshark barely misses you. x3
The skyshark tail-slaps you but does no damage.
You feel much better.
The skyshark bites you but does no damage.
The skyshark tail-slaps you.
* * * LOW HITPOINT WARNING * * *
The skyshark tail-slaps you but does no damage.
The skyshark bites you!
* * * LOW HITPOINT WARNING * * *
The skyshark tail-slaps you.
* * * LOW HITPOINT WARNING * * *
The skyshark tail-slaps you!
* * * LOW HITPOINT WARNING * * *
You feel much better. The skyshark bites you!
* * * LOW HITPOINT WARNING * * *
The skyshark tail-slaps you but does no damage.
The skyshark tail-slaps you!
You die...
Your body crumbles into a pile of gold.

▓_▓.▓.▓
$
▓_▓.▓.▓
$
▓_▓.▓.▓
$
▓_▓.▓.▓
$
▓_▓.▓.▓
$
▓_▓.▓.▓
▓_▓.▓.▓
$
▓_▓.▓.▓
$
▓_▓.▓@▓
$
▓_▓.▓l▓
$
▓_▓.▓l▓
$
▓_▓.▓w▓
$
▓_▓.▓D▓
$
▓_▓.▓w▓
$
▓_▓.▓.▓
$
▓_▓.▓.▓
$ ▓_▓.▓
$


You could see a skyshark (berserk, extremely poisoned), a seven-headed hydra, 2
torpor snails and a komodo dragon.

Vanquished Creatures
  A hydra (D)
  A death yak (D)
  3 centaur warriors (D)
  A deep elf pyromancer (D)
  2 cane toads (D)
  A kobold demonologist (D)
  A rime drake (D)
  A troll (D)
  A blink frog (D)
  A wyvern (D)
  A yak (D)
  A vampire mosquito (D)
  2 water moccasins (D)
  An orc warrior (D)
  A centaur (D)
  A wolf (D)
  A kobold brigand (D)
  A scorpion (D)
  3 bullfrogs (D)
  A killer bee (D)
  A jelly (D)
  A hound (D)
  A gnoll (D)
  An adder (D)
  A bat (D)
  A hobgoblin (D)
  2 kobolds (D)
  A frilled lizard (D)
35 creatures vanquished.

Notes
Turn   | Place    | Note
-------+----------+-------------------------------------------
     0 | D        | Heoruswealwe the Minotaur Fighter began the quest for the
                  | Orb.
     0 | D        | Reached XP level 1. HP: 19/19 MP: 0/0
    10 | D        | Reached skill level 3 in Polearms
    26 | D        | Noticed a scorpion
    26 | D        | Noticed a hound
    26 | D        | Noticed a jelly
    30 | D        | Reached skill level 4 in Polearms
    30 | D        | Reached XP level 2. HP: 28/28 MP: 1/1
    36 | D        | Killed a scorpion
    37 | D        | Reached skill level 7 in Polearms
    37 | D        | Reached XP level 3. HP: 27/37 MP: 2/2
    37 | D        | Reached XP level 4. HP: 32/44 MP: 3/3
    42 | D        | Reached skill level 8 in Polearms
    43 | D        | Reached XP level 5. HP: 30/52 MP: 4/4
    46 | D        | Reached skill level 9 in Polearms
    52 | D        | Found a snail-covered altar of Cheibriados.
    52 | D        | Found a shadowy altar of Dithmenos.
    52 | D        | Found a white marble altar of Elyvilon.
    52 | D        | Found a blossoming altar of Fedhas.
    52 | D        | Found an opulent altar of Gozag.
    53 | D        | Found a hazy altar of Hepliaklqana.
    54 | D        | Found a viscous altar of Jiyva.
    55 | D        | Found an ancient bone altar of Kikubaaqudgha.
    56 | D        | Found a corrupted altar of Lugonu.
    57 | D        | Found a burning altar of Makhleb.
    58 | D        | Found a sparkling altar of Nemelex Xobeh.
    59 | D        | Found an iron altar of Okawaru.
    60 | D        | Became a worshipper of Gozag Ym Sagoz the Greedy
    61 | D        | Found a stormy altar of Qazlal.
    62 | D        | Found a sacrificial altar of Ru.
    63 | D        | Found a shimmering blue altar of Sif Muna.
    64 | D        | Found a bloodstained altar of Trog.
    65 | D        | Found a hide-covered altar of Uskayaw.
    66 | D        | Found a radiant altar of Vehumet.
    67 | D        | Found an ornate altar of the Wu Jian Council.
    68 | D        | Found a shimmering altar of Xom.
    69 | D        | Found a basalt altar of Yredelemnul.
    70 | D        | Found a glowing silver altar of Zin.
    71 | D        | Found a glowing golden altar of the Shining One.
   122 | D        | Noticed an orc warrior
   122 | D        | Noticed a vampire mosquito
   122 | D        | Noticed a wyvern
   122 | D        | Noticed a centaur
   125 | D        | Killed an orc warrior
   126 | D        | Reached skill level 10 in Polearms
   129 | D        | Killed a vampire mosquito
   130 | D        | Reached skill level 11 in Polearms
   130 | D        | Reached XP level 6. HP: 50/63 MP: 5/5
   133 | D        | Killed a wyvern
   134 | D        | Reached skill level 12 in Polearms
   134 | D        | Reached XP level 7. HP: 56/71 MP: 6/6
   140 | D        | Reached skill level 10 in Fighting
   140 | D        | Reached skill level 13 in Polearms
   142 | D        | Reached skill level 10 in Armour
   271 | D        | Noticed a centaur warrior
   271 | D        | Noticed a kobold demonologist
   271 | D        | Noticed a centaur warrior
   271 | D        | Noticed a troll
   271 | D        | Noticed a deep elf pyromancer
   271 | D        | Noticed a centaur warrior
   279 | D        | Killed a centaur warrior
   280 | D        | Reached skill level 15 in Polearms
   280 | D        | Reached XP level 8. HP: 49/82 MP: 7/7
   286 | D        | Killed a kobold demonologist
   287 | D        | Reached skill level 16 in Polearms
   292 | D        | Killed a deep elf pyromancer
   293 | D        | Reached XP level 9. HP: 50/92 MP: 8/8
   299 | D        | Killed a centaur warrior
   300 | D        | Reached skill level 17 in Polearms
   306 | D        | Killed a troll
   307 | D        | Reached skill level 18 in Polearms
   308 | D        | HP: 3/93 [centaur warrior (10)]
   310 | D        | Killed a centaur warrior
   632 | D        | Noticed a cane toad
   635 | D        | Noticed a death yak
   636 | D        | Killed a cane toad
   637 | D        | Reached skill level 19 in Polearms
   639 | D        | Noticed a five-headed hydra
   641 | D        | Reached XP level 10. HP: 71/104 MP: 9/9
   647 | D        | Killed a death yak
   656 | D        | Killed an eight-headed hydra
   657 | D        | Reached skill level 15 in Fighting
   657 | D        | Reached skill level 20 in Polearms
   657 | D        | Reached skill level 15 in Armour
   801 | D        | Noticed a cane toad
   801 | D        | Noticed a skyshark
   803 | D        | Killed a cane toad
   804 | D        | Noticed a torpor snail
   807 | D        | Noticed a seven-headed hydra
   814 | D        | Reached skill level 21 in Polearms
   814 | D        | Noticed a torpor snail
   819 | D        | HP: 5/106 [skyshark (10)]
   820 | D        | Slain by a skyshark

Illustrated notes

Levels and vault maps discovered:
D:        linesprint [early_d, line_temple, items_1, d_10, items_2, lair_1,
          lair_end, items_3, orc_1, orc_end, items_4, d_15, swamp_1, shoals_1,
          snake_1, spider_1, d_20, vaults_1, items_5, swamp_end, shoals_end,
          snake_end, spider_end, vaults_end, d_27, items_6, zot_1, zot_end,
          crypt_end, forest_end, elf_end, slime_end, tomb_end, abyss_end,
          pan_hell_end]

Skill      XL: |  1  2  3  4  5  6  7  8  9 10 |
---------------+-------------------------------+-----
Polearms       | 4 7 8 11 12 15 16 19 21 | 21.0
Fighting       | 4 6 7 9 11 12 14 15 | 15.6
Armour         | 4 6 9 11 12 14 15 | 15.6
Shields        | |  3.6

Action                     |  1- 3 |  4- 6 |  7- 9 | 10-12 || total
---------------------------+-------+-------+-------+-------++-------
  Melee: Trident           |    23 |     9 |       |       ||    32
         Headbutt          |     2 |     4 |     7 |     7 ||    20
         Halberd           |       |    11 |    51 |    41 ||   103
    Use: Potion            |       |       |     1 |     3 ||     4
   Stab: Distracted        |       |       |       |     1 ||     1
 Armour: Scale mail        |     8 |     1 |       |       ||     9
         Chain mail        |       |     1 |     2 |       ||     3
         Plate armour      |       |       |    24 |    26 ||    50
  Dodge: Dodged            |     9 |    12 |    19 |    13 ||    53
  Block: Buckler           |     5 |       |       |       ||     5
